Map: Pillars of Gold LE

Players

IIIIIIlllIII - Winner!

  • Race: Terran Terran
  • League: Diamond
  • Spawn Location: 7:00

Leetz

  • Race: Terran Terran
  • League: Master
  • Spawn Location: 1:00

VOD

https://www.twitch.tv/videos/805281792

Description

Ketroc vs early reaper harass into a late game with battlecruisers.

Time

  • Played on: Nov. 16, 2020, 5:41 p.m.
  • Length: 33:28
Show
View Real Time Build Order
Export as new Build Order

IIIIIIlllIII Terran - Winner!

Build Orders:  

Get SALT Encoding   

  12  0:00  SCV  
  13  0:12  SCV  
  14  0:18  Supply Depot  
  14  0:24  SCV  
  15  0:39  SCV  
  15  0:41  Barracks  
  16  0:52  SCV  
  17  1:04  SCV  
  18  1:16  Command Center  
  18  1:19  SCV  
  19  1:28  Marine  
  19  1:32  Orbital Command  
  20  1:42  Bunker  
  20  1:46  Supply Depot  
  20  2:01  SCV  
  21  2:04  Marine  
  21  2:07  Bunker  
  22  2:12  Refinery  
  22  2:13  SCV  
  23  2:16  Refinery  
  23  2:21  Marine  
  24  2:24  Refinery  
  24  2:25  SCV  
  24  2:46  Engineering Bay  
  23  2:54  SCV  
  23  2:57  SCV  
  25  2:58  Refinery  
  24  3:18  SCV  
  25  3:23  SCV  
  25  3:24  Refinery  
  26  3:30  Factory, SCV  
  27  3:35  SCV  
  27  3:38  Missile Turret x2  
  28  3:41  Missile Turret  
  28  3:42  SCV  
  28  3:48  SCV, Marine  
  30  3:54  SCV  
  32  3:58  Hi-Sec Auto Tracking  
  32  3:59  Planetary Fortress  
  32  4:06  SCV, Bunker  
  33  4:18  SCV  
  34  4:29  Missile Turret  
  34  4:31  SCV, Missile Turret  
  35  4:32  Factory Tech Lab  
  35  4:36  Starport  
  35  4:43  SCV  
  35  4:44  SCV, Missile Turret  
  37  4:55  SCV  
  37  4:56  Neosteel Armor, SCV  
  37  4:57  Starport  
  37  4:59  Factory Tech Lab  
  39  5:07  SCV  
  39  5:08  SCV  
  39  5:10  Supply Depot  
  41  5:17  Corvid Reactor  
  41  5:21  SCV  
  42  5:23  SCV  
  43  5:28  Command Center  
  43  5:33  SCV  
  44  5:36  SCV  
  44  5:40  Factory Reactor  
  45  5:45  Armory  
  45  5:46  SCV  
  45  5:49  Supply Depot  
  46  5:51  SCV  
  47  5:58  SCV  
  48  6:04  Raven  
  48  6:09  Raven, Command Center  
  52  6:12  SCV  
  52  6:14  SCV  
  54  6:19  Widow Mine x2  
  54  6:24  SCV  
  59  6:27  SCV  
  60  6:36  SCV  
  60  6:39  SCV  
  62  6:47  Raven  
  62  6:48  SCV  
  62  6:52  SCV  
  66  7:00  Raven  
  64  7:05  Widow Mine x2  
  64  7:08  SCV x2  
  70  7:13  Refinery  
  70  7:15  Missile Turret, Refinery  
  70  7:17  Missile Turret x2  
  70  7:19  Planetary Fortress  
  70  7:23  SCV  
  70  7:24  SCV  
  72  7:30  Raven  
  72  7:50  Widow Mine x2  
  76  7:56  Raven  
  76  7:59  SCV x2  
  78  8:10  SCV  
  78  8:11  SCV  
  78  8:12  Raven  
  80  8:16  Refinery x2  
  80  8:17  Missile Turret  
  80  8:18  Planetary Fortress, Missile Turret  
  82  8:25  SCV x3  
  87  8:27  Widow Mine x2  
  87  8:30  Factory  
  87  8:31  Factory  
  89  8:37  SCV  
  88  8:47  Raven  
  90  8:49  Widow Mine  
  90  8:55  Supply Depot  
  92  8:56  Supply Depot x2  
  92  8:59  Command Center  
  92  9:10  Raven  
  88  9:30  Raven  
  88  9:37  SCV x3  
  89  9:42  Factory Reactor x2  
  89  9:45  Widow Mine x2, Command Center  
  91  9:53  Raven  
  92  10:05  Terran Vehicle And Ship Armor Level 1  
  96  10:07  Widow Mine x2  
  96  10:08  SCV x3  
  96  10:13  Raven  
  100  10:28  Widow Mine x2  
  102  10:36  Raven  
  103  10:49  Widow Mine  
  105  10:54  Planetary Fortress  
  105  10:56  Raven  
  107  10:58  SCV x3  
  107  10:59  Orbital Command, Refinery x2  
  108  11:09  Widow Mine, Command Center  
  108  11:10  Widow Mine x4  
  108  11:11  Widow Mine  
  121  11:18  SCV x3  
  121  11:19  Raven  
  125  11:30  SCV x2, Widow Mine  
  125  11:31  SCV  
  130  11:42  SCV  
  131  12:05  SCV x2  
  131  12:12  Starport  
  131  12:14  Starport  
  131  12:21  Raven x2  
  131  12:42  SCV x2  
  133  12:52  Starport Tech Lab  
  133  12:53  Command Center  
  133  12:54  Starport Tech Lab  
  131  13:03  Raven x2  
  133  13:13  Widow Mine x2  
  135  13:22  Widow Mine x4  
  142  13:34  Widow Mine x2  
  139  13:43  Widow Mine  
  139  13:44  Widow Mine x2  
  145  13:51  SCV  
  146  13:58  Raven, SCV x3, Widow Mine, Supply Depot  
  146  14:00  Planetary Fortress, Supply Depot x2  
  146  14:01  Supply Depot  
  153  14:04  Raven  
  153  14:05  Widow Mine  
  153  14:06  Widow Mine x2  
  153  14:07  Widow Mine  
  154  14:20  Widow Mine x2  
  158  14:26  Widow Mine  
  156  14:48  Widow Mine x6  
  156  14:49  Raven x3  
  156  14:50  SCV x3  
  156  14:51  SCV  
  172  15:02  SCV x3  
  172  15:05  Refinery  
  175  15:07  Refinery  
  175  15:09  Widow Mine x3  
  175  15:10  Widow Mine x2  
  175  15:11  Missile Turret  
  185  15:15  Missile Turret x2  
  185  15:49  Widow Mine  
  185  15:52  Widow Mine  
  185  15:53  Widow Mine  
  170  17:16  Raven  
  170  17:18  Raven x2  
  170  17:19  Widow Mine  
  170  17:21  Raven  
  170  17:33  Widow Mine  
  170  17:37  Planetary Fortress  
  160  17:54  SCV  
  160  17:55  SCV x3  
  164  17:59  Raven  
  164  18:00  Raven  
  164  18:01  Raven  
  164  18:04  Raven, Command Center, Refinery  
  164  18:07  SCV x3  
  167  18:19  Refinery  
  167  18:38  Command Center  
  167  18:40  Command Center  
  167  18:42  Raven  
  167  18:43  Raven, Command Center  
  171  18:49  Missile Turret, Terran Vehicle And Ship Armor Level 2  
  171  18:58  Raven  
  171  18:59  Missile Turret  
  171  19:00  Missile Turret  
  171  19:01  Raven  
  171  19:08  Missile Turret  
  159  19:25  Raven  
  159  19:26  Raven  
  159  19:27  Missile Turret  
  161  19:44  Raven  
  163  19:47  Missile Turret  
  143  20:43  Raven x3  
  143  20:44  Raven  
  145  21:03  Planetary Fortress  
  143  21:05  Refinery  
  143  21:06  Planetary Fortress  
  143  21:14  Widow Mine x3  
  143  21:15  Widow Mine x3  
  143  21:17  Command Center  
  155  21:19  Command Center  
  155  21:20  Missile Turret x2  
  155  21:26  Raven x2, Terran Vehicle And Ship Armor Level 3  
  155  21:28  Raven x2  
  163  21:36  Widow Mine x2  
  167  21:42  Command Center, Missile Turret  
  167  21:44  Missile Turret  
  165  21:47  Missile Turret  
  165  21:48  Missile Turret  
  165  21:49  Missile Turret  
  163  22:04  Refinery  
  161  22:09  Raven  
  161  22:11  Missile Turret  
  163  22:25  Raven x3  
  169  22:40  Refinery  
  169  22:52  Raven  
  169  22:53  Planetary Fortress x2  
  171  22:59  Planetary Fortress  
  171  23:05  Command Center  
  171  23:08  Raven x2, Command Center, Refinery  
  171  23:09  Command Center  
  171  23:12  Widow Mine x3  
  179  23:13  Missile Turret x2  
  173  23:34  Missile Turret  
  173  23:37  Missile Turret  
  168  23:52  Raven x4  
  170  23:59  Missile Turret  
  168  24:14  Missile Turret x2  
  168  24:17  Missile Turret x2  
  168  24:18  Missile Turret x2  
  168  24:19  Missile Turret x2  
  168  24:20  Missile Turret x2  
  168  24:26  Planetary Fortress  
  168  24:32  Missile Turret x2  
  168  24:34  Missile Turret  
  168  24:36  Missile Turret x2  
  168  24:37  Missile Turret x4  
  169  24:39  Missile Turret, Terran Ship Weapons Level 1  
  170  24:48  Missile Turret  
  170  24:49  Missile Turret  
  170  24:50  Missile Turret  
  170  24:53  Missile Turret x2  
  170  24:57  Missile Turret  
  166  25:00  Missile Turret  
  160  25:10  Missile Turret  
  144  25:22  Fusion Core  
  132  25:28  Missile Turret  
  132  25:43  Missile Turret, Refinery  
  132  25:46  Missile Turret  
  132  25:48  Missile Turret x2, Refinery  
  139  26:07  Missile Turret  
  131  26:13  Missile Turret  
  127  26:28  Missile Turret  
  139  26:32  Battlecruiser  
  139  26:33  Battlecruiser x3  
  139  26:34  Starport  
  139  26:35  Missile Turret  
  151  26:47  Refinery  
  151  26:48  Missile Turret  
  151  26:51  Missile Turret  
  151  26:52  Missile Turret  
  151  26:54  Missile Turret  
  151  26:57  Missile Turret  
  145  27:37  Battlecruiser x4  
  155  27:40  Missile Turret  
  155  27:41  Missile Turret x2  
  155  27:42  Missile Turret x2  
  167  27:47  Missile Turret  
  164  27:58  Starport Tech Lab  
  153  28:25  Battlecruiser  
  159  28:31  Missile Turret x2  
  159  28:33  Missile Turret x2  
  159  28:41  Battlecruiser x4  
  182  28:49  Terran Ship Weapons Level 2  
  182  28:50  Weapon Refit  
  180  29:06  Missile Turret  
  180  29:07  Missile Turret  
  166  29:48  Battlecruiser x3  
  178  29:54  Refinery  
  174  31:21  Battlecruiser x4  
  186  32:09  Command Center  
  186  32:18  Battlecruiser  
Show
View Real Time Build Order
Export as new Build Order

Leetz Terran 

Build Orders:  

Get SALT Encoding   

  12  0:00  SCV  
  13  0:12  SCV  
  14  0:18  Supply Depot  
  14  0:24  SCV  
  15  0:39  SCV  
  15  0:41  Barracks  
  16  0:45  Refinery  
  16  0:51  SCV  
  16  0:56  Refinery  
  17  1:04  SCV  
  18  1:10  Supply Depot  
  18  1:16  SCV  
  19  1:28  Reaper  
  20  1:37  Orbital Command  
  20  1:54  Factory  
  20  2:01  Reaper  
  20  2:05  SCV  
  21  2:17  SCV  
  22  2:29  SCV  
  23  2:36  Barracks Reactor  
  23  2:38  Hellion  
  25  2:49  SCV  
  26  2:54  Command Center  
  25  3:01  Widow Mine  
  25  3:03  SCV  
  28  3:17  Supply Depot, Starport  
  28  3:19  SCV  
  29  3:25  Widow Mine  
  31  3:39  SCV, Marine x2  
  34  3:47  Factory Tech Lab  
  34  3:54  Medivac  
  34  3:55  SCV  
  37  3:58  Marine x2  
  39  4:08  Orbital Command  
  39  4:09  SCV  
  40  4:11  Refinery  
  40  4:14  Factory Tech Lab  
  40  4:17  Marine x2  
  40  4:23  SCV  
  43  4:34  Marine  
  43  4:35  SCV, Marine  
  43  4:36  Raven  
  43  4:37  SCV  
  49  4:40  Cyclone  
  49  4:45  Supply Depot  
  52  4:47  SCV, Supply Depot  
  52  4:49  SCV  
  54  5:06  SCV x2, Marine x2  
  58  5:14  Cyclone  
  58  5:18  SCV x2  
  63  5:21  Mag-Field Accelerator  
  63  5:24  Refinery  
  63  5:31  SCV x2  
  65  5:35  Raven  
  65  5:39  Command Center  
  67  5:43  SCV  
  67  5:45  Supply Depot  
  67  5:48  Cyclone  
  71  5:51  SCV  
  73  5:57  SCV  
  73  6:03  SCV  
  74  6:09  SCV  
  75  6:15  SCV  
  76  6:21  SCV  
  76  6:23  Cyclone  
  80  6:27  SCV  
  80  6:30  Engineering Bay x2  
  81  6:33  SCV  
  81  6:35  Viking  
  81  6:36  Viking  
  86  6:40  Stimpack  
  86  6:46  Supply Depot  
  86  6:48  Supply Depot  
  86  6:51  SCV x2  
  88  6:58  Orbital Command  
  88  7:00  Cyclone  
  91  7:03  SCV  
  91  7:04  Terran Infantry Weapons Level 1  
  91  7:06  Terran Infantry Armor Level 1  
  92  7:11  Viking  
  92  7:13  Viking  
  96  7:17  Orbital Command  
  96  7:18  Supply Depot  
  96  7:20  SCV x2  
  98  7:29  Missile Turret x2  
  98  7:36  Cyclone  
  98  7:37  SCV x2  
  103  7:43  SCV  
  104  7:45  Viking  
  104  7:46  Viking  
  104  7:49  SCV x2  
  108  7:55  SCV  
  109  7:59  Refinery x2  
  109  8:01  SCV  
  109  8:02  Supply Depot x2  
  109  8:03  SCV  
  109  8:04  Marine  
  112  8:07  SCV  
  112  8:09  Armory  
  112  8:10  Cyclone  
  116  8:13  SCV  
  116  8:15  SCV  
  119  8:20  SCV  
  119  8:21  Viking x2  
  119  8:25  SCV  
  124  8:27  SCV  
  124  8:28  Missile Turret  
  124  8:31  Supply Depot  
  125  8:41  SCV x3  
  125  8:42  Cyclone  
  128  8:51  Combat Shield  
  128  8:53  SCV x2  
  130  8:57  Barracks x2  
  130  8:58  SCV  
  130  9:01  Command Center  
  130  9:02  Sensor Tower  
  131  9:03  Missile Turret  
  131  9:05  SCV x2  
  116  9:26  SCV x2  
  116  9:27  SCV  
  116  9:29  Siege Tank  
  119  9:38  SCV  
  119  9:39  SCV x2  
  119  9:40  Barracks x2  
  119  9:41  Barracks, Command Center  
  119  9:42  Barracks  
  122  9:50  SCV  
  122  9:51  SCV  
  119  9:54  Viking x2  
  123  10:00  SCV  
  123  10:02  Siege Tank  
  123  10:03  SCV x2, Barracks Tech Lab  
  123  10:04  Barracks Reactor  
  129  10:07  Terran Infantry Armor Level 2, Terran Infantry Weapons Level 2  
  129  10:08  Terran Ship Weapons Level 1  
  129  10:12  SCV  
  130  10:15  SCV  
  130  10:17  SCV  
  132  10:23  Planetary Fortress  
  132  10:24  SCV, Medivac x2  
  132  10:31  Refinery  
  132  10:32  Missile Turret  
  132  10:33  Missile Turret  
  132  10:34  Refinery  
  124  10:35  Missile Turret  
  124  10:37  Missile Turret  
  124  10:40  SCV x3  
  116  10:54  Viking x2  
  116  10:55  Siege Tank  
  117  10:58  Barracks Tech Lab x2, Barracks Reactor  
  117  10:59  Barracks Reactor  
  113  11:05  SCV x3, Refinery  
  116  11:11  Marine x2, Marauder  
  116  11:12  Marauder  
  116  11:14  Concussive Shells  
  122  11:27  Siege Tank  
  122  11:31  Refinery  
  122  11:32  Marine x2, Marauder x2  
  129  11:33  Marauder  
  129  11:34  SCV x3  
  136  11:41  Viking  
  136  11:42  Viking  
  135  11:49  Missile Turret  
  135  11:51  Missile Turret  
  135  11:52  Missile Turret x3  
  123  11:57  SCV x4  
  123  12:00  Siege Tank  
  130  12:02  Missile Turret  
  130  12:03  Missile Turret  
  130  12:05  Marine x6, Marauder x4  
  140  12:11  Viking  
  140  12:12  Viking  
  140  12:14  SCV x3  
  147  12:16  Command Center  
  147  12:21  Missile Turret  
  147  12:22  Missile Turret  
  147  12:23  Marine x2  
  147  12:25  Missile Turret  
  147  12:26  Marauder  
  147  12:27  Missile Turret  
  147  12:28  Marine, Marauder  
  147  12:29  Missile Turret, Marine x2, Marauder x2  
  142  12:34  Terran Infantry Weapons Level 3  
  142  12:35  Starport, Terran Infantry Armor Level 3  
  142  12:36  Starport  
  142  12:37  SCV x3  
  142  12:42  SCV  
  146  12:44  Viking x2  
  146  12:47  Marine x3, Marauder  
  146  12:49  SCV  
  146  12:50  Marauder  
  155  12:55  SCV x2  
  155  12:56  SCV  
  153  13:01  SCV, Command Center  
  153  13:02  Marauder  
  153  13:03  Marine x2, Marauder  
  158  13:16  Starport Reactor x2  
  154  13:20  SCV x2  
  154  13:21  SCV x2  
  154  13:25  Command Center  
  158  13:32  SCV  
  159  13:36  SCV x3  
  162  13:46  Viking  
  162  13:47  Terran Ship Weapons Level 2  
  163  13:50  Viking  
  163  13:58  Missile Turret  
  163  13:59  SCV x2, Missile Turret  
  163  14:00  SCV  
  163  14:02  Missile Turret  
  154  14:04  Medivac x2  
  154  14:05  Viking x2, Missile Turret  
  160  14:13  Marauder x2  
  160  14:14  Marine x5, Marauder x2  
  162  14:31  Viking x2  
  145  14:34  Viking x2  
  145  14:35  Marauder x3  
  145  14:36  Marine x4, Marauder  
  145  14:37  Marine x2  
  150  14:54  Marine x4  
  150  14:55  SCV x3  
  150  14:56  SCV, Marauder  
  164  15:00  Marine x2, Marauder x3  
  164  15:02  Viking x4  
  164  15:04  Medivac x2  
  178  15:11  Neosteel Armor, Planetary Fortress  
  178  15:12  Marine x3, Hi-Sec Auto Tracking  
  181  15:24  Missile Turret  
  181  15:25  Refinery, Marine x3, Marauder x3  
  181  15:27  Missile Turret, Refinery  
  190  15:30  Armory  
  190  15:34  SCV x3  
  191  15:42  Marine  
  191  15:43  Marine x2, Marauder  
  191  15:44  Viking, Reaper, Medivac  
  191  15:47  SCV  
  190  16:03  Terran Vehicle And Ship Armor Level 1  
  168  16:27  SCV  
  168  16:29  SCV  
  168  16:30  SCV  
  168  16:31  SCV, Medivac  
  168  16:32  Viking x2, Medivac  
  164  16:33  Viking, Medivac, Marauder  
  164  16:37  Hellbat  
  164  16:38  Marine, Marauder  
  164  16:39  Marauder  
  151  16:40  SCV  
  151  16:41  SCV  
  151  16:42  SCV  
  151  16:43  SCV  
  151  16:44  Command Center x2  
  152  16:52  SCV  
  152  16:53  SCV  
  154  16:55  SCV x2  
  154  16:57  Marine x2, Marauder x2  
  161  17:01  Viking  
  163  17:10  Medivac  
  163  17:12  Fusion Core  
  163  17:14  Starport  
  162  17:23  Marine  
  162  17:24  Marine  
  164  17:30  Marine x3  
  164  17:32  Marine x3, Medivac x2  
  164  17:37  Marine x2  
  164  17:41  Marine x2  
  161  17:49  Marauder  
  161  17:50  Marauder x2  
  158  17:55  Sensor Tower  
  158  17:57  Starport Tech Lab  
  158  17:59  Sensor Tower  
  158  18:02  Marauder  
  158  18:06  Sensor Tower  
  158  18:10  Marauder  
  158  18:11  Planetary Fortress  
  158  18:12  Sensor Tower  
  159  18:22  Terran Vehicle And Ship Armor Level 2, Terran Ship Weapons Level 3  
  159  18:25  Raven  
  159  18:26  Viking x4  
  169  18:27  Liberator x2  
  169  18:29  Advanced Ballistics  
  174  18:42  Marine x5  
  174  18:48  Command Center  
  179  18:50  Command Center  
  179  18:53  Command Center  
  179  19:00  Marine  
  179  19:03  Marine  
  179  19:04  Marine x2  
  179  19:14  Marine x4  
  179  19:16  Marine  
  179  19:20  Marine  
  179  19:22  Viking x5, Marine x4, Banshee  
  178  19:32  Marine x4  
  178  19:34  Marine  
  178  19:38  Marine  
  172  19:40  Reaper x2  
  172  19:41  Marine  
  157  19:49  Marine  
  158  19:55  Starport  
  141  20:02  Marine x7  
  141  20:03  Starport  
  141  20:05  Orbital Command x2  
  141  20:06  Orbital Command  
  146  20:12  Raven  
  146  20:13  Corvid Reactor  
  147  20:27  Marine x3  
  138  20:35  Weapon Refit  
  135  20:38  Starport Tech Lab  
  122  20:47  Marine x6, Marauder x4  
  122  20:48  Medivac  
  136  20:50  Starport Tech Lab  
  123  21:05  Sensor Tower, Marine  
  124  21:19  SCV x3  
  124  21:24  Planetary Fortress  
  127  21:35  Missile Turret x4  
  127  21:36  Missile Turret  
  117  21:47  Orbital Command, Sensor Tower  
  117  22:00  Refinery  
  117  22:01  Refinery  
  117  22:05  Siege Tank  
  120  22:08  Marine x4  
  120  22:09  Marine x5  
  120  22:10  Missile Turret x2  
  120  22:11  Missile Turret  
  120  22:14  Missile Turret  
  120  22:15  Missile Turret  
  122  22:27  Missile Turret  
  122  22:28  Missile Turret x2  
  122  22:29  Missile Turret  
  121  22:38  Battlecruiser  
  121  22:39  Battlecruiser x2  
  121  22:40  Terran Vehicle And Ship Armor Level 3  
  121  22:42  Viking x3  
  142  22:51  Viking x3  
  146  22:57  Marine x4  
  146  22:58  Refinery  
  150  22:59  Refinery  
  150  23:00  Orbital Command  
  143  23:19  Missile Turret  
  142  23:20  Missile Turret  
  142  23:23  Viking  
  142  23:24  Viking  
  133  23:33  Siege Tank  
  133  23:43  Battlecruiser  
  138  23:49  Battlecruiser  
  130  24:08  Viking  
  130  24:09  Viking x2  
  136  24:11  Siege Tank  
  139  24:40  Terran Vehicle Weapons Level 1  
  139  24:44  Siege Tank  
  139  24:47  Battlecruiser  
  139  24:52  Raven  
  141  24:53  Missile Turret x2  
  141  24:57  Missile Turret  
  141  24:59  Missile Turret  
  141  25:00  Missile Turret  
  117  25:18  Viking x2, Battlecruiser  
  121  25:27  Orbital Command  
  120  25:36  SCV x4  
  120  25:37  SCV x2  
  126  25:44  Battlecruiser  
  126  25:48  SCV x2  
  134  25:53  SCV x4  
  134  25:56  Siege Tank  
  141  26:04  Marine x10  
  151  26:22  Marine x2  
  151  26:24  Missile Turret  
  151  26:25  Missile Turret x2  
  139  26:26  Missile Turret x2  
  139  26:27  Missile Turret x2  
  123  26:35  Battlecruiser  
  123  26:37  Siege Tank  
  132  26:52  Battlecruiser  
  138  27:11  Missile Turret x2, Marine x6  
  138  27:12  Marine x2  
  146  27:19  Refinery  
  140  27:34  Medivac x3  
  138  27:54  Battlecruiser  
  138  27:55  Battlecruiser  
  130  28:15  Battlecruiser  
  127  28:32  Command Center  
  127  28:34  Refinery  
  121  28:59  Battlecruiser x2  
  132  29:10  Marine x4  
  132  29:12  Marine x6  
  142  29:19  Raven  
  144  29:28  Marine x3  
  135  29:49  Marine x8  
  143  29:57  Siege Tank  
  146  30:02  Battlecruiser  
  146  30:06  Raven  
  153  30:13  Orbital Command  
  153  30:24  Factory  
  153  30:33  Battlecruiser  
  149  30:42  Marine x10  
  140  31:00  Marine  
  107  31:16  Battlecruiser  
  107  31:23  Marine  
  108  31:42  Marine  
  108  32:00  Orbital Command  
  108  32:24  SCV  
  109  32:32  Orbital Command  
  109  32:36  SCV  
  78  32:48  SCV  
Tags
 
Add a new tag
Caveats
  • Supply blocks, unpowered buildings, or Contaminate may cause inaccurate times.
  • Supply counts are checked every 10 seconds.